Map: Simulacrum LE

Players

JohnnyV - Winner!

  • Race: Terran Terran
  • League: Silver
  • Spawn Location: 5:00

십자군

  • Race: Terran Terran
  • Spawn Location: 11:00

VOD

Have the link to the VOD?

Description

Time

  • Played on: May 2, 2020, 10:33 a.m.
  • Length: 16:40
Show
View Real Time Build Order
Export as new Build Order

JohnnyV Terran - Winner!

Build Orders:  

Get SALT Encoding   

  12  0:01  SCV  
  13  0:17  SCV, Supply Depot  
  14  0:27  Refinery  
  14  0:29  SCV  
  15  0:41  Barracks  
  15  0:46  SCV  
  16  0:58  SCV  
  17  1:10  SCV  
  18  1:19  Refinery  
  18  1:22  SCV  
  19  1:29  Reaper  
  19  1:31  Supply Depot  
  20  1:34  SCV  
  21  1:43  Supply Depot  
  21  1:46  SCV  
  22  1:58  SCV  
  23  2:04  Factory  
  23  2:05  Marine  
  24  2:13  Bunker  
  24  2:31  Orbital Command  
  24  2:32  Marine  
  24  2:50  Marine  
  24  2:51  Widow Mine  
  27  3:08  Marine  
  27  3:09  Supply Depot  
  27  3:12  SCV  
  29  3:24  Factory Tech Lab  
  29  3:26  Widow Mine  
  31  3:29  Command Center  
  31  3:31  Marine  
  32  3:36  Supply Depot  
  32  3:46  Engineering Bay  
  32  3:49  Factory Tech Lab  
  32  3:55  Barracks Reactor  
  32  3:56  Starport  
  32  4:13  Siege Tank  
  34  4:22  Refinery  
  33  4:41  Marine  
  33  4:42  Marine  
  33  4:43  Liberator  
  33  4:44  Orbital Command  
  36  4:59  Siege Tank  
  37  5:18  Marine x2  
  39  5:21  SCV  
  39  5:22  SCV  
  36  5:43  Marine x2  
  35  6:01  Marine x2  
  37  6:06  Liberator  
  37  6:08  Siege Tank  
  43  6:13  Engineering Bay  
  43  6:19  Marine x2  
  43  6:25  Bunker  
  45  6:27  SCV  
  45  6:28  SCV  
  47  6:36  Marine  
  47  6:37  Marine  
  50  6:40  SCV  
  50  6:43  Siege Tank  
  53  6:49  Starport  
  53  6:52  Fusion Core  
  53  7:00  SCV x2  
  55  7:13  Terran Infantry Armor Level 1  
  55  7:14  Marine x2  
  57  7:16  Starport Tech Lab  
  57  7:22  Supply Depot  
  57  7:23  Supply Depot  
  57  7:28  Siege Tank  
  60  7:35  Marine x2  
  62  7:39  Starport Tech Lab  
  62  7:50  Battlecruiser  
  68  7:55  SCV x2  
  64  8:06  Siege Tank  
  64  8:07  SCV  
  64  8:11  Armory  
  64  8:12  Armory  
  68  8:22  Missile Turret  
  68  8:25  Missile Turret  
  68  8:27  Supply Depot, Missile Turret  
  68  8:28  Missile Turret  
  68  8:31  Marine x2  
  70  8:42  Missile Turret  
  70  8:45  Refinery  
  70  8:52  SCV x2  
  72  9:01  Weapon Refit  
  72  9:04  SCV  
  72  9:08  Marine x2  
  75  9:25  Missile Turret  
  75  9:36  Battlecruiser  
  81  9:46  Supply Depot  
  81  10:08  Battlecruiser  
  81  10:10  SCV x2  
  83  10:30  Marine x2  
  83  10:31  Siege Tank  
  88  10:40  Battlecruiser  
  94  10:43  Terran Infantry Weapons Level 1  
  94  10:49  Engineering Bay  
  94  11:03  Command Center  
  94  11:15  Barracks  
  94  11:24  Supply Depot  
  94  11:27  Marine x2  
  94  11:28  Terran Ship Weapons Level 1  
  96  11:45  Marine x2  
  98  12:03  Barracks  
  98  12:07  Marine  
  98  12:08  Marine  
  94  12:20  Cyclone  
  97  12:25  Marine x2  
  99  12:42  Sensor Tower  
  99  12:43  Marine  
  100  12:53  Sensor Tower  
  100  13:07  Refinery  
  100  13:09  Refinery  
  94  13:32  Marine x3  
  97  13:35  Barracks Tech Lab  
  97  13:39  Planetary Fortress  
  60  14:10  SCV  
  60  14:11  SCV, Marine x2  
  60  14:12  Marine x2  
  54  14:29  Marine x4  
  55  14:32  Battlecruiser x2  
  62  14:47  Marine x3  
  62  14:48  Siege Tank  
  49  15:02  Marine  
  49  15:05  Marine x3  
  53  15:20  Marine, Siege Tank  
  56  15:23  Marine x2  
  58  15:29  Marine  
  59  15:38  Marine  
  59  15:40  Marine x2  
  54  15:55  Marine x2  
  51  15:58  Marine x2  
  52  16:13  Marine x2  
  52  16:16  Marine x2  
Show
View Real Time Build Order
Export as new Build Order

십자군 Terran 

Build Orders:  

Get SALT Encoding   

  12  0:01  SCV  
  13  0:13  SCV  
  14  0:17  Supply Depot  
  14  0:25  SCV  
  15  0:39  SCV  
  15  0:41  Barracks  
  16  0:46  Refinery  
  16  0:53  SCV  
  17  0:58  Refinery  
  17  1:05  SCV  
  18  1:17  SCV  
  19  1:29  SCV  
  19  1:30  Barracks Reactor  
  20  1:37  Supply Depot  
  20  1:42  SCV  
  21  1:50  Factory  
  21  1:54  SCV  
  22  2:07  Marine x2  
  24  2:11  SCV  
  25  2:26  SCV, Barracks  
  26  2:41  Marine x2  
  26  2:42  Factory Tech Lab  
  28  2:50  Orbital Command  
  27  3:02  Siege Tank  
  27  3:05  Marine  
  31  3:11  Supply Depot  
  31  3:33  SCV, Marine x2  
  31  3:34  Barracks Tech Lab  
  34  3:45  SCV  
  34  3:47  Siege Tank  
  38  3:50  Marine  
  39  3:56  Command Center  
  39  3:58  Stimpack  
  39  4:08  Marine  
  39  4:23  Marine  
  39  4:25  Marine  
  39  4:54  Supply Depot  
  39  4:58  Marine x2  
  39  5:06  Marine  
  39  5:16  Marine, Siege Tank  
  34  5:51  Marine x3  
  34  5:56  Siege Tank  
  35  6:08  Marine  
  35  6:09  Marine x2  
  38  6:12  SCV  
  38  6:15  Combat Shield  
  39  6:22  SCV  
  39  6:24  SCV  
  41  6:26  Marine x2  
  41  6:27  Marine  
  41  6:28  Refinery, Siege Tank  
  47  6:34  SCV  
  47  6:37  Starport  
  48  6:40  Supply Depot  
  48  6:44  Marine x3  
  48  6:45  SCV  
  48  6:46  SCV  
  53  6:58  SCV  
  53  6:59  SCV  
  55  7:02  Marine x3  
  58  7:10  SCV  
  58  7:11  SCV  
  60  7:19  Starport Reactor  
  60  7:20  Marine x3  
  60  7:21  Supply Depot  
  60  7:22  SCV  
  64  7:23  SCV, Engineering Bay  
  65  7:33  Siege Tank  
  65  7:34  SCV  
  65  7:35  SCV  
  70  7:42  Marine x3  
  73  7:46  SCV, Supply Depot  
  73  7:47  SCV  
  62  7:59  SCV  
  62  8:00  Marine x3  
  60  8:08  Liberator x2  
  66  8:14  Missile Turret  
  66  8:16  Terran Infantry Weapons Level 1  
  66  8:17  Marine x3  
  66  8:18  Siege Tank  
  72  8:23  Barracks  
  72  8:24  SCV  
  73  8:34  Orbital Command  
  73  8:35  Marine x3  
  76  8:44  SCV  
  76  8:47  Missile Turret  
  77  8:50  Siege Tank  
  77  8:53  Marine x3  
  83  9:07  Refinery  
  83  9:11  Marine x3  
  83  9:14  Barracks Reactor  
  86  9:21  Supply Depot  
  86  9:43  SCV, Medivac x2, Marine x3  
  86  9:44  Supply Depot  
  94  9:59  SCV  
  93  10:10  Terran Infantry Armor Level 1  
  85  10:39  SCV  
  85  10:42  Medivac x2  
  90  10:44  Marine x5  
  95  10:51  SCV  
  96  10:58  Siege Tank  
  96  11:02  Marine x3  
  102  11:21  Supply Depot  
  102  11:30  Supply Depot  
  102  11:43  SCV, Marine x5  
  102  11:45  Supply Depot  
  102  11:47  Liberator  
  108  11:50  Liberator  
  108  11:52  Supply Depot  
  108  12:01  Marine x5  
  101  12:18  Marine x5  
  106  12:29  Liberator  
  106  12:33  Liberator  
  106  12:36  Marine x5  
  117  12:43  Supply Depot  
  117  12:54  Marine x5  
  122  13:05  Supply Depot  
  121  13:12  Marine x2  
  112  13:38  Marine x4  
  112  13:39  Marine  
  112  13:41  Liberator x2  
  111  13:56  Marine x5  
  76  14:14  Marine  
  40  15:07  Marine x3  
  40  15:08  Marine x2  
  40  15:09  SCV  
  43  15:21  SCV  
  43  15:25  Marine x5  
  47  15:33  SCV  
  41  15:43  Marine  
  41  15:46  SCV  
Tags
 
League
Silver
Matchup
TvT
Race
Terran
Spawn Locations
Cross Positions
Add a new tag
Caveats
  • Supply blocks, unpowered buildings, or Contaminate may cause inaccurate times.
  • Supply counts are checked every 10 seconds.